 Dungeon Crawl Stone Soup version 0.28-a0-464-g0687ed57fd (webtiles) character file.

Game seed: 15249890048054969424

7179 Aggronaut the Severer (level 10, -1/88 HPs)
             Began as a Minotaur Berserker on Sept 14, 2021.
             Was an Elder of Trog.
             Killed from afar by a fire dragon (35 damage)
             ... with a blast of flame
             ... in a volcano.
             The game lasted 00:21:59 (10965 turns).

Aggronaut the Severer (Minotaur Berserker)         Turns: 10965, Time: 00:22:00

Health: -1/88      AC: 13    Str: 25    XL:     10   Next: 86%
Magic:  9/9        EV:  6    Int:  4    God:    Trog [****..]
Gold:   647        SH:  8    Dex: 10    Spells: 9/9 levels left

rFire   . . .      SeeInvis .   s - +1 hand axe (vorpal)
rCold   . . .      Faith    .   D - +0 buckler
rNeg    . . .      Spirit   .   t - +0 plate armour
rPois   .          Reflect  +   I - +1 hat
rElec   .          Harm     .   k - +0 cloak
rCorr   .          Rampage  .   (no gloves)
Will    +....                   (no boots)
Stlth   ..........              o - amulet of reflection
HPRegen 0.24/turn               n - ring of willpower
MPRegen 0.11/turn               (no ring)

@: no status effects
A: horns 2, retaliatory headbutt
a: Renounce Religion, Berserk, Trog's Hand, Brothers in Arms


You were in a volcano.
You worshipped Trog.
Trog was greatly pleased with you.
You visited 2 branches of the dungeon, and saw 11 of its levels.
You also visited: Volcano.

You collected 647 gold pieces.

Inventory:

Hand Weapons
 s - a +1 vorpal hand axe (weapon)
Missiles
 a - 9 poisoned darts
 m - 7 throwing nets (quivered)
 y - 6 atropa-tipped darts
Armour
 k - a +0 cloak (worn)
 t - a +0 plate armour (worn)
 D - a +0 buckler (worn)
 I - a +1 hat (worn)
Jewellery
 n - a ring of willpower (left hand)
 o - an amulet of reflection (around neck)
 r - an amulet of guardian spirit
Wands
 d - a wand of charming (8)
 g - a wand of acid (10)
 i - a wand of paralysis (24)
 E - a wand of polymorph (2)
 H - a wand of flame (13)
Scrolls
 c - a scroll of fog
 e - a scroll of magic mapping
 h - 3 scrolls of teleportation
 j - 3 scrolls of identify
 u - a scroll of torment {unknown}
 w - 2 scrolls of fear {unknown}
 A - a scroll of blinking {unknown}
 B - a scroll of vulnerability {unknown}
 C - a scroll of summoning {unknown}
Potions
 b - 3 potions of ambrosia
 f - a potion of heal wounds
 l - 2 potions of lignification
 p - 3 potions of haste
 q - 5 potions of curing
 v - 2 potions of invisibility
 x - 3 potions of brilliance {unknown}
 z - 3 potions of mutation {unknown}
 F - 2 potions of attraction {unknown}
 G - a potion of resistance {unknown}


   Skills:
 + Level 8.1 Fighting
 * Level 17.5 Axes
 - Level 2.4 Armour
 - Level 2.1 Dodging


You had 9 spell levels left.
You didn't know any spells.
Your spell library contained the following spells:

 Spells                   Type           Power      Damage    Failure   Level
 Animate Skeleton         Necr           0%         N/A       100%        1
 Magic Dart               Conj           0%         1d3       100%        1
 Pain                     Necr           0%         1d4       100%        1
 Sandblast                Erth           0%         2d4       100%        1
 Passwall                 Tmut/Erth      0%         N/A       100%        2
 Searing Ray              Conj           0%         2d4       100%        2
 Slow                     Hex            0%         N/A       100%        2
 Confusing Touch          Hex            0%         N/A       100%        3
 Frozen Ramparts          Ice            0%         1d2       100%        3
 Stone Arrow              Conj/Erth      0%         3d7       100%        3
 Vampiric Draining        Necr           0%         2d6       100%        3
 Fulminant Prism          Conj/Hex       0%         3d6       100%        4
 Ice Form                 Ice/Tmut       0%         N/A       100%        4
 Summon Ice Beast         Ice/Summ       0%         N/A       100%        4


Dungeon Overview and Level Annotations

Branches:
Dungeon (10/15)            Temple (0/1) D:7            Lair (1/6) D:9
    Orc (0/2) D:9         Volcano (1/1)

Altars:
Dithmenos
Fedhas
Hepliaklqana
Nemelex Xobeh
Okawaru
Qazlal
Zin

Shops:
D:7 *   D:8 ==


Innate Abilities, Weirdness & Mutations

You have a pair of horns on your head.
You reflexively headbutt those who attack you in melee.


Message History

Found a chain mail of fire resistance.
A hell hound comes into view.
Found a chain mail of fire resistance and a grey potion.
Found a rocky tunnel leading out of this place.
The hell hound barks!
You hear a bark!
A hell hound comes into view.
The hell hound moves out of view.
You closely miss the hell hound. The hell hound breathes flames at you.
The blast of flame misses you.
You barely miss the hell hound. Your headbutt misses the hell hound.
You block the hell hound's attack.
You closely miss the hell hound. You headbutt the hell hound!
The hell hound is heavily wounded.
The hell hound bites you but does no damage.
You hit the hell hound.
The hell hound is severely wounded.
The hell hound closely misses you. You furiously retaliate!
You headbutt the hell hound.
You kill the hell hound!
Trog accepts your kill.
You slash the hell hound! You headbutt the hell hound.
The hell hound is severely wounded.
A fire dragon comes into view.
The hell hound bites you but does no damage.
You hit the hell hound.
The hell hound is almost dead.
The hell hound bites you. The fire dragon breathes flames at you.
The blast of flame hits the hell hound.
The hell hound completely resists.
The blast of flame hits you!!!
Ouch! That really hurt!
The hell hound bites you but does no damage.
The hell hound closely misses you. You furiously retaliate!
You headbutt the hell hound.
You kill the hell hound!
Trog accepts your kill. The fire dragon breathes flames at you.
The blast of flame hits you!!
You die...

######## ##
##..##..#########.##
##.....##..##.........
#§...∩#####.......≈≈≈≈
#§§..≈§# ###.....§≈§§≈
#≈§§§≈## #.@..≈≈§§§≈≈≈
##§§§## ##....§≈§§≈≈§
#☼○## #....≈≈§≈§≈§≈
##○# #.....≈§≈§≈≈§ ###
####D..§§§≈≈§
##..........
#.##...###..
#≈≈≈§D####### #○§§≈§


You could see a fire dragon (catching breath).

Vanquished Creatures
  A komodo dragon (D:10)
  Grinder (D:3)
  A vampire (D:10)
  A shadow (D:10)
  A wraith (D:9)
  2 yaks
  Eustachio (D:5)
  3 hogs (D:7)
  A human (D:7)
  2 steam dragons
  Edmund (D:4)
  Menkaure (D:4)
  3 water moccasins
  2 hell hounds (Volcano)
  2 black bears
  2 orc warriors (D:9)
  A sky beast (D:5)
  3 ice beasts
  A necrophage (D:7)
  5 ogres
  4 centaurs
  A phantom (D:6)
  2 kobold brigands
  6 bullfrogs
  A scorpion (D:4)
  2 wyvern zombies
  2 water moccasin zombies
  10 killer bees
  10 wights
  4 howler monkeys
  A bullfrog zombie (D:6)
  A hound (D:6)
  3 orc priests
  4 centaur skeletons
  3 iguanas
  5 orc wizards
  Terence (D:3)
  A gnoll shaman (D:4)
  A hound skeleton (D:3)
  A howler monkey zombie (D:8)
  2 howler monkey skeletons
  5 adders
  18 gnolls
  A white imp (D:7)
  A worm (D:3)
  A dart slug (D:1)
  19 orcs
  4 ball pythons
  8 endoplasms
  5 giant cockroaches
  5 goblins
  6 hobgoblins
  4 jackals
  A quokka (D:3)
  8 bats
  2 frilled lizards
  9 kobolds
  15 rats
212 creatures vanquished.

Vanquished Creatures (others)
  An orc wizard (D:4)
  A kobold (D:9)
  5 fungi (D:9)
  3 plants (D:9)
10 creatures vanquished.

Grand Total: 222 creatures vanquished

Notes
Turn   | Place    | Note
-------+----------+-------------------------------------------
     0 | D:1      | Aggronaut the Minotaur Berserker began the quest for the
                  | Orb.
     0 | D:1      | Reached XP level 1. HP: 19/19 MP: 0/0
   242 | D:1      | Reached skill level 4 in Axes
   435 | D:1      | Reached XP level 2. HP: 24/26 MP: 1/1
   911 | D:2      | Found a faded altar of an unknown god.
  1088 | D:2      | Reached skill level 5 in Axes
  1180 | D:2      | Reached XP level 3. HP: 30/31 MP: 2/2
  1830 | D:3      | Reached ** piety under Trog
  1840 | D:3      | Noticed Grinder
  1852 | D:3      | Killed Grinder
  1853 | D:3      | Reached skill level 8 in Axes
  1853 | D:3      | Reached XP level 4. HP: 23/39 MP: 3/3
  1853 | D:3      | Reached XP level 5. HP: 26/45 MP: 4/4
  2012 | D:3      | Reached XP level 6. HP: 28/51 MP: 5/5
  2762 | D:3      | Noticed Terence
  2768 | D:3      | Killed Terence
  2769 | D:3      | Reached skill level 9 in Axes
  3147 | D:4      | Found an iron altar of Okawaru.
  3203 | D:4      | Reached XP level 7. HP: 57/57 MP: 6/6
  3379 | D:4      | Noticed Menkaure
  3387 | D:4      | Killed Menkaure
  3388 | D:4      | Reached skill level 10 in Axes
  3676 | D:4      | Found a stormy altar of Qazlal.
  3709 | D:4      | Noticed Edmund
  3717 | D:4      | Killed Edmund
  4082 | D:4      | Reached skill level 11 in Axes
  4152 | D:4      | Reached *** piety under Trog
  4850 | D:5      | Entered Level 5 of the Dungeon
  4857 | D:5      | Reached XP level 8. HP: 51/64 MP: 7/7
  4993 | D:5      | Reached skill level 12 in Axes
  5098 | D:5      | Found a glowing silver altar of Zin.
  5098 | D:5      | Noticed Eustachio
  5121 | D:5      | Killed Eustachio
  5122 | D:5      | Reached skill level 13 in Axes
  5227 | D:5      | You fall into a shaft and drop 1 floor!
  5671 | D:6      | Reached XP level 9. HP: 67/70 MP: 8/8
  5678 | D:6      | Reached skill level 14 in Axes
  6601 | D:6      | Reached skill level 15 in Axes
  6611 | D:6      | Reached **** piety under Trog
  7016 | D:7      | Reached skill level 5 in Fighting
  7378 | D:7      | Found a staircase to the Ecumenical Temple.
  7458 | D:7      | Found a hazy altar of Hepliaklqana.
  7460 | D:7      | Found a faded altar of an unknown god.
  7467 | D:7      | Reached XP level 10. HP: 78/79 MP: 9/9
  7530 | D:7      | Found Meir's Assorted Antiques.
  7531 | D:7      | You fall into a shaft and drop 3 floors!
  7531 | D:10     | Entered Level 10 of the Dungeon
  7607 | D:10     | Reached skill level 16 in Axes
  8292 | D:8      | Found Retax's Jewellery Shop.
  8652 | D:8      | Found Tuonwol's Jewellery Boutique.
  9516 | D:9      | Found a staircase to the Lair.
  9807 | D:9      | Found a staircase to the Orcish Mines.
  9892 | D:9      | Found a sparkling altar of Nemelex Xobeh.
 10080 | D:9      | Reached skill level 17 in Axes
 10085 | D:9      | Found a blossoming altar of Fedhas.
 10527 | D:10     | Found a shadowy altar of Dithmenos.
 10744 | Lair:1   | Entered Level 1 of the Lair of Beasts
 10919 | Lair:1   | Found a dark tunnel.
 10927 | Volcano  | Entered a volcano
 10959 | Volcano  | Noticed a fire dragon
 10965 | Volcano  | Killed from afar by a fire dragon

Illustrated notes

Levels and vault maps discovered:
D:1:      dpeg_arrival_oval, layout_basic
D:2:      layout_basic, shapermc_ecumenical_altar_pompeii,
          corexii_hall_statues_l
D:3:      layout_loops_cross, minmay_circle_x, uniq_terence, uniq_grinder
D:4:      layout_loops_corners, nicolae_qazlal_general_emergency,
          nicolae_overflow_crystal_walls, uniq_menkaure, uniq_edmund
D:5:      layout_rooms, mainiacjoe_overflow_concentric_impassable,
          uniq_eustachio
D:6:      layout_loops_ring
D:7:      layout_rooms, beargit_hepliaklqana_dungeon_heroes,
          minmay_temple_entry_wispy, serial_shops, nicolae_stop_n_shop_1,
          serial_bayou_pond_e, minmay_misc_feat_cross, grunt_livestock,
          hangedman_glass_teeth
D:8:      layout_loops_ring, serial_shops, shop, nicolae_shop_statue_plus,
          hangedman_decor_opposing, minmay_fractal_squares_gapless_5
D:9:      layout_long_grid, lemuel_crystal_altar, mainiacjoe_overflow_chevrons,
          dpeg_oklobed_lair, orc_0_dummy, kennysheep_nub
D:10:     layout_cross, nicolae_dithmenos_shadow_blocks,
          kennysheep_generic_room_7
Lair:1:   layout_cave_pods, lightli_volcano_entry_magma_tube,
          serial_bayou_shore_b
Volcano:  volcano_pools

Skill      XL: |  1  2  3  4  5  6  7  8  9 10 |
---------------+-------------------------------+-----
Axes           | 4 5 8 9 11 13 15 17 | 17.5
Fighting       | 5 8 |  8.1
Armour         | |  2.4
Dodging        | |  2.1

Action                   |  1- 3 |  4- 6 |  7- 9 | 10-12 || total
-------------------------+-------+-------+-------+-------++-------
Melee: Hand axe          |    91 |    93 |   304 |   206 ||   694
       Headbutt          |    11 |    11 |    70 |    50 ||   142
Invok: Berserk           |     1 |     1 |     5 |     5 ||    12
       Trog's Hand       |     1 |       |     1 |     1 ||     3
  Use: Scroll            |       |       |     7 |     5 ||    12
       Potion            |       |       |     1 |     1 ||     2
Armor: Chain mail        |    49 |    34 |    31 |       ||   114
       Plate armour      |       |       |    65 |    77 ||   142
Dodge: Dodged            |    43 |    36 |   104 |    28 ||   211
Block: Other             |       |    14 |    65 |     3 ||    82
       Reflection        |       |       |     1 |     7 ||     8
       Kite shield       |       |       |       |    47 ||    47
       Buckler           |       |       |       |    28 ||    28

Table legend: (Time is in decaauts)
 A = Elapsed time spent in this place.
 B = Non-inter-level travel time spent in this place.
 C = Inter-level travel time spent in this place.
 D = Time resting spent in this place.
 E = Time spent auto-exploring this place.
 F = Levels seen in this place.
 G = Mean time per level.
                   A        B        C        D        E       F      G
               +--------+--------+--------+--------+--------+-----+--------+
         Total |  10929 |  10537 |    392 |   2791 |   5872 |  12 |  910.8 |
       Dungeon |  10700 |  10308 |    392 |   2732 |   5840 |  10 | 1070.0 |
          Lair |    193 |    193 |      0 |     58 |     32 |   1 |  193.0 |
       Volcano |     35 |     35 |      0 |      0 |      0 |   1 |   35.0 |
               +--------+--------+--------+--------+--------+-----+--------+

Top non-repeatable levels by time:
     D:4: 1938 daAuts
     D:6: 1165 daAuts
     D:9: 1076 daAuts
     D:2: 1050 daAuts
     D:8: 1031 daAuts
     D:3: 1030 daAuts
     D:7: 1013 daAuts
     D:1: 857 daAuts
    D:10: 854 daAuts
     D:5: 681 daAuts
  Lair:1: 193 daAuts
 Volcano: 35 daAuts
